[ AOE2 MATCH · #506638847 ]
UnrankedEthiopians vs Hindustanis
Player's team · WIN
[ REPLAY ANALYSIS · EXTRACTED FROM THE RECORDED GAME ]
Feudal
8:26
Castle
20:41
Imperial
34:17
| APM avg | 69.1 |
| APM peak | 124 |
| eAPM avg | 31.6 |
| Villagers / military | 99 / 129 |
Focus
⚔️ 48.9% · 🌾 51.1%
Archer ×86 · Shotel Warrior ×15 · Scout Cavalry ×13 · Bombard Cannon ×6 · Mangonel ×3 · Monk ×2
Feudal
10:55
Castle
14:50
Imperial
37:11
| APM avg | 57.3 |
| APM peak | 101 |
| eAPM avg | 28.1 |
| Villagers / military | 120 / 68 |
Focus
⚔️ 34.2% · 🌾 65.8%
Ghulam ×37 · Scout Cavalry ×15 · Monk ×6 · Scorpion ×4 · Trebuchet (Packed) ×4 · Mangonel ×2
Match map
Initial resources + every placement click. Lines = walls · curves = elevation contours. ◆ gold · ⬟ stone · ● berries · ✦ relic · ◌ wall gap
Your base· ✓ Closed at 20:41 · 1t walls · 2 gate(s)
Fool of a Took's base· ✓ Closed at 14:50 · 37t walls · 3 gate(s)
Smoothed initial terrain · ◌ = detected wall gap · hover for details
Inputs per minute
— [TMG] Lucipher - - Fool of a Took
Build order — [TMG] Lucipher
First 150 of 367 actions detected
| 0:00 | Queue | Villager (Male) |
| 0:00 | Queue | Villager (Male) |
| 0:00 | Queue | Villager (Male) |
| 0:02 | Build | House |
| 0:03 | Build | House |
| 0:07 | Queue | Villager (Male) |
| 0:07 | Queue | Villager (Male) |
| 1:24 | Queue | Villager (Male) |
| 1:24 | Queue | Villager (Male) |
| 1:48 | Queue | Villager (Male) |
| 2:20 | Queue | Villager (Male) |
| 2:20 | Queue | Villager (Male) |
| 2:21 | Build | Lumber Camp |
| 2:46 | Queue | Villager (Male) |
| 3:14 | Queue | Villager (Male) |
| 3:40 | Queue | Villager (Male) |
| 3:40 | Queue | Villager (Male) |
| 3:53 | Build | House |
| 3:55 | Build | House |
| 4:14 | Queue | Villager (Male) |
| 4:14 | Queue | Villager (Male) |
| 4:15 | Queue | Villager (Male) |
| 4:49 | Queue | Villager (Male) |
| 5:03 | Build | Mining Camp |
| 5:07 | Queue | Villager (Male) |
| 6:16 | Research | Feudal Age |
| 7:03 | Research | Loom |
| 7:04 | Queue | Villager (Male) |
| 7:48 | Build | House |
| 8:06 | Build | House |
| 8:08 | Queue | Villager (Male) |
| 8:26 | Age | Feudal Age |
| 8:31 | Research | Double-Bit Axe |
| 8:36 | Build | Watch Tower |
| 9:14 | Build | Blacksmith |
| 9:26 | Queue | Villager (Male) |
| 9:26 | Queue | Villager (Male) |
| 10:02 | Research | Fletching |
| 10:03 | Research | Fletching |
| 10:04 | Queue | Villager (Male) |
| 10:13 | Build | Mill |
| 10:23 | Queue | Villager (Male) |
| 10:56 | Research | Horse Collar |
| 11:01 | Build | Farm |
| 11:04 | Build | Farm |
| 11:07 | Queue | Villager (Male) |
| 11:20 | Build | Watch Tower |
| 11:27 | Queue | Villager (Male) |
| 11:30 | Build | Farm |
| 11:31 | Queue | Villager (Male) |
| 11:52 | Build | Outpost |
| 12:11 | Queue | Villager (Male) |
| 12:17 | Build | House |
| 12:38 | Queue | Villager (Male) |
| 12:52 | Queue | Villager (Male) |
| 13:03 | Build | Market |
| 13:20 | Build | Watch Tower |
| 13:24 | Queue | Villager (Male) |
| 13:44 | Build | Outpost |
| 13:53 | Queue | Villager (Male) |
| 14:17 | Queue | Villager (Male) |
| 14:37 | Queue | Villager (Male) |
| 14:40 | Build | Farm |
| 14:40 | Build | Farm |
| 14:41 | Build | Farm |
| 14:41 | Build | Farm |
| 14:41 | Build | Farm |
| 14:48 | Build | House |
| 15:02 | Build | House |
| 15:06 | Build | Watch Tower |
| 15:19 | Build | House |
| 15:22 | Build | House |
| 15:28 | Queue | Villager (Male) |
| 15:35 | Queue | Villager (Male) |
| 15:43 | Queue | Villager (Male) |
| 15:46 | Queue | Villager (Male) |
| 15:51 | Queue | Villager (Male) |
| 16:00 | Build | Palisade Wall |
| 16:04 | Build | House |
| 16:08 | Queue | Villager (Male) |
| 16:35 | Queue | Villager (Male) |
| 16:42 | Build | Mining Camp |
| 17:13 | Queue | Villager (Male) |
| 17:30 | Queue | Villager (Male) |
| 17:35 | Queue | Villager (Male) |
| 17:48 | Queue | Villager (Male) |
| 17:53 | Queue | Villager (Male) |
| 17:59 | Research | Castle Age |
| 18:08 | Build | Farm |
| 18:35 | Queue | Villager (Male) |
| 18:50 | Build | Barracks |
| 19:04 | Research | Gold Mining |
| 19:40 | Build | Archery Range |
| 19:41 | Build | Archery Range |
| 19:53 | Research | Padded Archer Armor |
| 19:53 | Research | Padded Archer Armor |
| 19:58 | Queue | Villager (Male) |
| 20:15 | Build | Archery Range |
| 20:20 | Queue | Archer |
| 20:20 | Queue | Archer |
| 20:29 | Build | Farm |
| 20:29 | Build | Farm |
| 20:35 | Queue | Archer |
| 20:35 | Queue | Archer |
| 20:41 | Age | Castle Age |
| 20:45 | Research | Bodkin Arrow |
| 20:45 | Research | Crossbowman (upgrade) |
| 20:45 | Research | Crossbowman (upgrade) |
| 20:47 | Queue | Archer |
| 20:48 | Queue | Villager (Male) |
| 20:54 | Build | House |
| 20:56 | Build | House |
| 20:57 | Queue | Villager (Male) |
| 21:02 | Queue | Archer |
| 21:07 | Queue | Villager (Male) |
| 21:14 | Build | Siege Workshop |
| 21:18 | Queue | Archer |
| 21:18 | Queue | Archer |
| 21:18 | Queue | Villager (Male) |
| 21:23 | Build | House |
| 21:30 | Queue | Archer |
| 21:31 | Queue | Archer |
| 21:34 | Queue | Archer |
| 21:34 | Queue | Archer |
| 21:36 | Queue | Villager (Male) |
| 21:38 | Queue | Archer |
| 21:50 | Queue | Archer |
| 21:51 | Queue | Archer |
| 21:52 | Queue | Villager (Male) |
| 22:01 | Queue | Mangonel |
| 22:09 | Queue | Archer |
| 22:10 | Queue | Archer |
| 22:12 | Queue | Villager (Male) |
| 22:13 | Queue | Archer |
| 22:20 | Queue | Archer |
| 22:33 | Queue | Archer |
| 22:35 | Queue | Villager (Male) |
| 22:39 | Build | House |
| 22:44 | Queue | Archer |
| 22:48 | Build | House |
| 23:03 | Queue | Archer |
| 23:08 | Queue | Villager (Male) |
| 23:09 | Build | House |
| 23:09 | Build | House |
| 23:10 | Build | House |
| 23:16 | Queue | Archer |
| 23:16 | Queue | Archer |
| 23:17 | Queue | Villager (Male) |
| 23:23 | Queue | Archer |
| 23:34 | Build | Monastery |
Build order — Fool of a Took
First 150 of 322 actions detected
| 0:00 | Queue | Villager (Male) |
| 0:00 | Queue | Villager (Male) |
| 0:00 | Queue | Villager (Male) |
| 0:01 | Build | House |
| 0:02 | Build | House |
| 0:07 | Queue | Villager (Male) |
| 0:07 | Queue | Villager (Male) |
| 0:58 | Queue | Villager (Male) |
| 1:29 | Queue | Villager (Male) |
| 1:51 | Queue | Villager (Male) |
| 1:53 | Build | Lumber Camp |
| 2:13 | Queue | Villager (Male) |
| 2:52 | Queue | Villager (Male) |
| 3:21 | Queue | Villager (Male) |
| 3:24 | Build | House |
| 3:25 | Build | House |
| 3:50 | Queue | Villager (Male) |
| 4:23 | Build | Mill |
| 4:25 | Queue | Villager (Male) |
| 4:25 | Queue | Villager (Male) |
| 4:58 | Queue | Villager (Male) |
| 5:24 | Queue | Villager (Male) |
| 5:24 | Queue | Villager (Male) |
| 5:24 | Queue | Villager (Male) |
| 5:44 | Queue | Villager (Male) |
| 5:44 | Queue | Villager (Male) |
| 5:45 | Queue | Villager (Male) |
| 6:00 | Queue | Villager (Male) |
| 6:03 | Build | House |
| 6:17 | Queue | Villager (Male) |
| 6:31 | Queue | Villager (Male) |
| 6:58 | Queue | Villager (Male) |
| 7:08 | Build | Farm |
| 7:18 | Queue | Villager (Male) |
| 8:45 | Research | Feudal Age |
| 9:32 | Build | Palisade Wall |
| 9:55 | Build | Palisade Wall |
| 10:06 | Build | Mining Camp |
| 10:18 | Build | Palisade Wall |
| 10:19 | Build | Palisade Wall |
| 10:22 | Research | Loom |
| 10:23 | Queue | Villager (Male) |
| 10:31 | Build | House |
| 10:33 | Build | Palisade Wall |
| 10:55 | Age | Feudal Age |
| 10:57 | Build | Market |
| 10:59 | Build | Blacksmith |
| 11:26 | Build | Watch Tower |
| 11:39 | Queue | Villager (Male) |
| 12:10 | Research | Castle Age |
| 12:46 | Build | Palisade Wall |
| 12:52 | Research | Double-Bit Axe |
| 12:56 | Research | Horse Collar |
| 13:44 | Build | Palisade Wall |
| 13:46 | Build | Palisade Wall |
| 13:47 | Build | Palisade Wall |
| 13:53 | Build | Palisade Wall |
| 14:06 | Build | Palisade Wall |
| 14:08 | Build | Palisade Wall |
| 14:09 | Build | Palisade Wall |
| 14:17 | Queue | Villager (Male) |
| 14:33 | Build | Palisade Wall |
| 14:42 | Build | Palisade Wall |
| 14:48 | Queue | Villager (Male) |
| 14:50 | Age | Castle Age |
| 14:54 | Build | Siege Workshop |
| 14:58 | Research | Bow Saw |
| 15:02 | Build | Palisade Gate |
| 15:27 | Build | Palisade Gate |
| 15:34 | Queue | Villager (Male) |
| 15:46 | Queue | Villager (Male) |
| 16:09 | Queue | Mangonel |
| 16:11 | Queue | Villager (Male) |
| 16:11 | Queue | Villager (Male) |
| 16:34 | Queue | Villager (Male) |
| 16:37 | Build | Lumber Camp |
| 17:02 | Queue | Mangonel |
| 17:07 | Queue | Villager (Male) |
| 17:26 | Queue | Villager (Male) |
| 17:39 | Build | Farm |
| 18:01 | Build | Monastery |
| 18:14 | Build | House |
| 18:25 | Build | Mining Camp |
| 18:37 | Build | Farm |
| 18:42 | Build | Farm |
| 18:58 | Queue | Monk |
| 18:58 | Queue | Monk |
| 19:03 | Build | Barracks |
| 19:28 | Queue | Villager (Male) |
| 19:40 | Build | Farm |
| 19:42 | Build | Farm |
| 19:43 | Build | Farm |
| 20:05 | Build | Stone Wall |
| 20:06 | Queue | Villager (Male) |
| 20:16 | Queue | Monk |
| 20:27 | Queue | Villager (Male) |
| 20:29 | Build | Town Center |
| 20:35 | Build | House |
| 20:38 | Build | House |
| 20:48 | Queue | Monk |
| 20:52 | Build | Stable |
| 21:04 | Research | Sanctity |
| 21:06 | Queue | Villager (Male) |
| 21:12 | Build | House |
| 21:13 | Build | House |
| 21:14 | Build | House |
| 21:14 | Build | House |
| 21:14 | Build | House |
| 21:17 | Build | House |
| 21:18 | Build | House |
| 21:27 | Queue | Villager (Male) |
| 21:29 | Build | Farm |
| 21:46 | Queue | Villager (Male) |
| 22:03 | Queue | Villager (Male) |
| 22:20 | Queue | Villager (Male) |
| 22:22 | Build | Farm |
| 22:24 | Build | Farm |
| 22:25 | Build | Farm |
| 22:27 | Build | Farm |
| 22:29 | Build | Farm |
| 22:33 | Build | Outpost |
| 23:07 | Queue | Scout Cavalry |
| 23:08 | Queue | Villager (Male) |
| 23:11 | Build | Farm |
| 23:14 | Build | Stable |
| 23:22 | Queue | Scorpion |
| 23:22 | Queue | Scorpion |
| 23:23 | Queue | Villager (Male) |
| 23:44 | Research | Redemption |
| 23:50 | Research | Light Cavalry (upgrade) |
| 23:53 | Build | Farm |
| 23:55 | Build | Farm |
| 23:56 | Build | Farm |
| 24:04 | Queue | Villager (Male) |
| 24:06 | Build | Farm |
| 24:10 | Build | Lumber Camp |
| 24:12 | Queue | Villager (Male) |
| 24:38 | Queue | Scout Cavalry |
| 24:57 | Queue | Villager (Male) |
| 25:07 | Queue | Villager (Male) |
| 25:14 | Queue | Villager (Male) |
| 25:15 | Queue | Scout Cavalry |
| 25:19 | Queue | Scorpion |
| 25:19 | Queue | Scorpion |
| 25:20 | Queue | Villager (Male) |
| 25:22 | Build | Farm |
| 25:26 | Build | Farm |
| 25:32 | Build | Farm |
| 25:35 | Build | Farm |
| 25:35 | Queue | Villager (Male) |
Match timeline
| 8:26 | [TMG] Lucipher · age_up feudal |
| 9:32 | Fool of a Took · wall_segment Palisade Wall x1 |
| 9:55 | Fool of a Took · wall_segment Palisade Wall x3 |
| 10:18 | Fool of a Took · wall_segment Palisade Wall x12 |
| 10:19 | Fool of a Took · wall_segment Palisade Wall x4 |
| 10:33 | Fool of a Took · wall_segment Palisade Wall x1 |
| 10:55 | Fool of a Took · age_up feudal |
| 11:51 | Fool of a Took · first_market_sell 100 wood |
| 12:46 | Fool of a Took · wall_segment Palisade Wall x8 |
| 13:44 | Fool of a Took · wall_segment Palisade Wall x1 |
| 13:46 | Fool of a Took · wall_segment Palisade Wall x1 |
| 13:47 | Fool of a Took · wall_segment Palisade Wall x1 |
| 13:53 | Fool of a Took · wall_segment Palisade Wall x1 |
| 14:06 | Fool of a Took · wall_segment Palisade Wall x1 |
| 14:08 | Fool of a Took · wall_segment Palisade Wall x1 |
| 14:09 | Fool of a Took · wall_segment Palisade Wall x1 |
| 14:33 | Fool of a Took · wall_segment Palisade Wall x1 |
| 14:42 | Fool of a Took · wall_segment Palisade Wall x1 |
| 14:50 | Fool of a Took · age_up castle |
| 14:54 | Fool of a Took · first_building Siege Workshop |
| 16:00 | [TMG] Lucipher · wall_segment Palisade Wall x1 |
| 18:01 | Fool of a Took · first_building Monastery |
| 18:50 | [TMG] Lucipher · first_building Barracks |
| 19:03 | Fool of a Took · first_building Barracks |
| 19:40 | [TMG] Lucipher · first_building Archery Range |
| 20:05 | Fool of a Took · wall_segment Stone Wall x1 |
| 20:41 | [TMG] Lucipher · age_up castle |
| 20:52 | Fool of a Took · first_building Stable |
| 21:14 | [TMG] Lucipher · first_building Siege Workshop |
| 23:34 | [TMG] Lucipher · first_building Monastery |
| 25:35 | [TMG] Lucipher · first_building Stable |
| 26:07 | Fool of a Took · first_market_buy 100 food |
| 27:29 | [TMG] Lucipher · first_market_buy 100 food |
| 30:15 | [TMG] Lucipher · first_market_sell 500 wood |
| 32:47 | Fool of a Took · first_building Castle |
| 34:17 | [TMG] Lucipher · age_up imperial |
| 34:41 | [TMG] Lucipher · first_building Castle |
| 35:59 | Fool of a Took · wall_segment Stone Wall x1 |
| 37:11 | Fool of a Took · age_up imperial |
| 42:29 | Fool of a Took · resign |
[ AI ANALYSIS · 1 CREDIT ]
What really happened in this match?
Wolo.gg analyzes every decision: build order, eco, micro, common mistakes by bracket. Personalized analysis on WhatsApp or Discord in 30 seconds.
Civ guide
Ethiopians
Perfil
Jugador #677003